 Dungeon Crawl Stone Soup version 0.26-a0-54-g15ccc7ae60 (webtiles) character file.

Game seed: 4093593596859256783

4788 Ozzies the Fighter (level 10, -2/97 HPs)
             Began as a Minotaur Fighter on June 7, 2020.
             Was a Priest of Makhleb.
             Slain by an orc warrior
             ... wielding a +1 trident of freezing
              (4 damage)
             ... on level 9 of the Dungeon.
             The game lasted 00:19:17 (8042 turns).

Ozzies the Fighter (Minotaur Fighter)               Turns: 8042, Time: 00:19:17

Health: -2/97      AC: 11    Str: 23    XL:     10   Next: 24%
Magic:  9/9        EV: 10    Int:  5    God:    Makhleb [***...]
Gold:   369        SH: 11    Dex: 11    Spells: 9/9 levels left

rFire    . . .     SeeInvis .   a - +0 war axe
rCold    . . .     Gourm    .   c - +0 kite shield
rNeg     . . .     Faith    .   J - +2 ring mail {MR+}
rPois    .         Spirit   .   (helmet restricted)
rElec    .         Reflect  .   C - +2 cloak
rCorr    .         Harm     .   (no gloves)
MR       +....                  (no boots)
Stlth    ++........             (no amulet)
HPRegen  0.26/turn              v - ring of stealth
MPRegen  0.11/turn              (no ring)

@: mighty
A: retaliatory headbutt, horns 2
a: Minor Destruction, Lesser Servant of Makhleb, Renounce Religion


You were on level 9 of the Dungeon.
You worshipped Makhleb.
Makhleb was most pleased with you.
You were hungry.

You visited 1 branch of the dungeon, and saw 9 of its levels.

You collected 369 gold pieces.

Inventory:

Hand Weapons
 a - a +0 war axe (weapon)
 r - a +0 mace
 R - a +2 whip of freezing
Armour
 b - a +0 scale mail
 c - a +0 kite shield (worn)
 t - a scarf of repulsion
 C - a +2 cloak (worn)
 D - a +2 ring mail of poison resistance
 J - a +2 ring mail of magic resistance (worn)
 M - +0 acid dragon scales
 S - a +0 plate armour
Jewellery
 v - a ring of stealth (left hand)
 w - an uncursed ring of magical power {unknown}
 P - a +4 ring of protection {unknown}
Wands
 q - a wand of disintegration (12)
 B - a wand of iceblast (9)
 I - a wand of polymorph (11)
 T - a wand of clouds (4)
Scrolls
 h - 2 scrolls of amnesia {unknown}
 i - 2 scrolls of remove curse
 k - 12 scrolls of identify {unknown}
 p - 2 scrolls of magic mapping {unknown}
 s - 2 scrolls of enchant weapon {unknown}
 y - a scroll of blinking {unknown}
 z - a scroll of fog {unknown}
 A - a scroll of brand weapon {unknown}
 G - a scroll of noise {unknown}
 H - 3 scrolls of summoning {unknown}
 K - a scroll of enchant armour {unknown}
 L - a scroll of random uselessness {unknown}
 N - a scroll of vulnerability {unknown}
Potions
 e - 5 potions of lignification {unknown}
 g - a potion of invisibility {unknown}
 j - a potion of ambrosia {unknown}
 l - 3 potions of degeneration {unknown}
 m - a potion of resistance {unknown}
 n - 4 potions of curing {unknown}
 o - a potion of haste {unknown}
 u - a potion of stabbing {unknown}
 x - a potion of brilliance {unknown}
 E - a potion of berserk rage {unknown}
 F - a potion of flight {unknown}
 O - a potion of cancellation {unknown}
Comestibles
 f - 14 rations


   Skills:
 + Level 12.2 Fighting
 + Level 10.3 Axes
 * Level 6.7 Armour
 - Level 3.0 Dodging
 - Level 0.2 Stealth
 - Level 7.0 Shields


You had 9 spell levels left.
You didn't know any spells.
Your spell library contained the following spells:

 Spells                   Type           Power        Failure   Level  Hunger
 Poisonous Vapours        Pois/Air       #.....       98%         2    ###....
 Confusing Touch          Hex            #.......     100%        3    ####...
 Conjure Flame            Conj/Fire      #.......     100%        3    ####...
 Gell's Gravitas          Tloc           #.........   100%        3    ####...
 Mephitic Cloud           Conj/Pois/Air  #.......     100%        3    ####...
 Petrify                  Tmut/Erth      #.......     100%        4    #####..
 Metabolic Englaciation   Hex/Ice        #.........   100%        5    ######.
 Yara's Violent Unravell  Hex/Tmut       #.........   100%        5    ######.
 Freezing Cloud           Conj/Ice/Air   #.........   100%        6    #######
 Ring of Flames           Chrm/Fire      #.........   100%        7    #######


Dungeon Overview and Level Annotations

Branches:
Dungeon (9/15)             Temple (0/1) D:5            Lair (0/6) D:9
    Orc (0/2) D:9

Altars:
Ashenzari
Dithmenos
Elyvilon
Fedhas
Makhleb
Nemelex Xobeh
Okawaru
Sif Muna
Trog
Vehumet
Wu Jian
Xom
Zin
The Shining One

Shops:
D:6 %   D:7 %


Innate Abilities, Weirdness & Mutations

You reflexively headbutt those who attack you in melee.
You have a pair of horns on your head.


Message History

You block the gnoll sergeant's attack. You block the orc warrior's attack.
You closely miss the orc warrior. You headbutt the orc warrior!
The orc warrior is severely wounded.
You block the gnoll sergeant's attack. You block the orc warrior's attack.
You hit the orc warrior but do no damage.
The orc warrior is severely wounded.
The gnoll sergeant barely misses you.
You closely miss the orc warrior.
The orc warrior is severely wounded.
The orc warrior hits you with a +1 trident of freezing!
* * * LOW HITPOINT WARNING * * *
The orc warrior freezes you.
* * * LOW HITPOINT WARNING * * *
The gnoll sergeant hits you from afar with a +0 spear!
* * * LOW HITPOINT WARNING * * *
You block the orc warrior's attack.
The orc warrior hits you from afar with a +1 trident of freezing!
* * * LOW HITPOINT WARNING * * *
The orc warrior freezes you.
You die...

.................................
..####.....#.#######.............
..# #...###.#8K..8#.............
..# #...# #.#oo...#........รท....
..# #...# #g)$TOK.###.......###.
..# #...# #g# #.........# #) ..#
#...# #.# #.........###. ..#
#...###g#######............. ..#
#......^.o.@................
..####.........(.............>...
................................>
#################################


You could see an orc warrior and a gnoll.

Vanquished Creatures
  Harold (D:9)
  Maggie (D:8)
  A troll (D:8)
  A hippogriff (D:8)
  Sigmund (D:2)
  3 sky beasts
  A black bear (D:9)
  2 orc warriors
  3 ogres
  2 phantoms
  A necrophage (D:7)
  2 centaurs
  A big kobold (D:9)
  6 bullfrogs
  A gnoll sergeant (D:9)
  A water moccasin zombie (D:2)
  A scorpion (D:6)
  6 wights
  A howler monkey (D:7)
  3 crimson imps
  5 hounds
  3 jellies
  An orc priest (D:6)
  A centaur skeleton (D:7)
  Jessica (D:2)
  2 iguanas
  5 orc wizards
  5 worker ants
  A hound zombie (D:6)
  A hound skeleton (D:7)
  A worker ant zombie (D:6)
  A howler monkey skeleton (D:5)
  4 gnolls
  12 adders
  A white imp (D:4)
  An ooze (D:4)
  An adder skeleton (D:8)
  2 worms
  4 dart slugs
  4 leopard geckos
  26 orcs
  A ball python (D:3)
  3 giant cockroaches (D:1)
  8 goblins
  6 hobgoblins
  17 jackals
  5 quokkas
  8 bats
  14 frilled lizards
  A jackal skeleton (D:4)
  9 kobolds
  A leopard gecko skeleton (D:5)
  9 rats
203 creatures vanquished.

Notes
Turn   | Place    | Note
-------+----------+-------------------------------------------
     0 | D:1      | Ozzies the Minotaur Fighter began the quest for the Orb.
     0 | D:1      | Reached XP level 1. HP: 19/19 MP: 0/0
    88 | D:1      | Reached XP level 2. HP: 27/27 MP: 1/1
   478 | D:1      | Reached XP level 3. HP: 33/33 MP: 2/2
   744 | D:2      | Noticed Jessica
   749 | D:2      | Killed Jessica
   749 | D:2      | Reached skill level 4 in Fighting
   886 | D:2      | Reached XP level 4. HP: 39/40 MP: 3/3
   977 | D:2      | Reached XP level 5. HP: 46/46 MP: 4/4
  1015 | D:2      | Noticed Sigmund
  1024 | D:2      | Killed Sigmund
  1024 | D:2      | Reached skill level 5 in Axes
  1024 | D:2      | Reached skill level 1 in Dodging
  1024 | D:2      | Reached skill level 5 in Shields
  1024 | D:2      | Reached XP level 6. HP: 26/53 MP: 5/5
  1354 | D:2      | Found a shimmering altar of Xom.
  1454 | D:2      | Found a glowing silver altar of Zin.
  1458 | D:2      | Found a shadowy altar of Dithmenos.
  1459 | D:2      | Found an ornate altar of the Wu Jian Council.
  1459 | D:2      | Found a shimmering blue altar of Sif Muna.
  1459 | D:2      | Found a burning altar of Makhleb.
  1466 | D:2      | Became a worshipper of Makhleb the Destroyer
  1889 | D:3      | Reached skill level 5 in Armour
  2669 | D:3      | Reached * piety under Makhleb
  2753 | D:4      | Reached skill level 5 in Fighting
  2753 | D:4      | Reached XP level 7. HP: 49/61 MP: 6/6
  2968 | D:4      | Found a blossoming altar of Fedhas.
  3050 | D:4      | Found an iron altar of Okawaru.
  3093 | D:4      | Found a shattered altar of Ashenzari.
  3117 | D:4      | Found a glowing golden altar of the Shining One.
  3635 | D:4      | Reached skill level 6 in Fighting
  3824 | D:5      | Entered Level 5 of the Dungeon
  3902 | D:5      | Found a white marble altar of Elyvilon.
  4039 | D:5      | Found a staircase to the Ecumenical Temple.
  4040 | D:5      | Found a radiant altar of Vehumet.
  4075 | D:5      | Reached skill level 7 in Fighting
  4092 | D:5      | Reached XP level 8. HP: 70/73 MP: 7/7
  4426 | D:6      | Reached ** piety under Makhleb
  4438 | D:6      | Reached skill level 8 in Fighting
  4621 | D:6      | Reached skill level 9 in Fighting
  4838 | D:6      | Found Qup Ced's Food Shoppe.
  4975 | D:6      | Reached skill level 10 in Fighting
  5493 | D:7      | Found Giext's Food Boutique.
  5637 | D:7      | Reached XP level 9. HP: 86/86 MP: 8/8
  6236 | D:8      | Noticed a troll
  6240 | D:8      | Killed a troll
  6240 | D:8      | Reached skill level 11 in Fighting
  6453 | D:8      | Reached *** piety under Makhleb
  6559 | D:8      | Found a bloodstained altar of Trog.
  6641 | D:8      | Noticed Maggie
  6668 | D:8      | Killed Maggie
  6961 | D:8      | Reached skill level 12 in Fighting
  6961 | D:8      | Reached skill level 10 in Axes
  6973 | D:8      | Found a sparkling altar of Nemelex Xobeh.
  7570 | D:9      | Found a staircase to the Lair.
  7714 | D:9      | Noticed Harold
  7726 | D:9      | Killed Harold
  7726 | D:9      | Reached XP level 10. HP: 79/97 MP: 9/9
  8000 | D:9      | Found a staircase to the Orcish Mines.
  8042 | D:9      | HP: 2/97 [orc warrior/+1 trident of freezing (11)]
  8042 | D:9      | Slain by an orc warrior

Illustrated notes

Levels and vault maps discovered:
D:1:      nzn_arrival_crosshair, layout_basic, minmay_lizard_pond
D:2:      layout_basic, xom_teletrap_fun, grunt_temple_overflow_open,
          roderic_lattice_a, minmay_split_cup_large, uniq_jessica, uniq_sigmund
D:3:      layout_rooms, serial_bayou, serial_bayou_pond_a, serial_bayou_pond_e,
          serial_bayou_pond_e, serial_bayou_shore_b,
          chequers_hall_statues_corner_a, grunt_ministairs_14,
          serial_park_tiny_pond, minmay_increasing_density
D:4:      layout_cave_pods, fedhas_ov_isle_minmay, kennysheep_little_box,
          tso_metal_star, serial_park, serial_park_square1
          [serial_park_minivault_5x5_4], serial_park_tiny_pond,
          minmay_misc_feat_diagonals, minmay_fire_ice_demons
D:5:      layout_basic, old_standard_altar,
          minmay_temple_entry_statues_fountains, first_ration, basic_altar
D:6:      layout_cave_pools, serial_shops, shop, dk_noncrumbling_4,
          hangedman_decor_opposing
D:7:      layout_loops_ring, serial_shops, shop
D:8:      layout_basic, lightli_temple_of_fire, marbit_many_paths,
          kennysheep_generic_room_4, uniq_maggie
D:9:      layout_stronghold, lemuel_crystal_altar, lair_entry_dummy,
          kennysheep_orc_monster_closet_entryway, uniq_harold, uniq_erolcha

Skill      XL: |  1  2  3  4  5  6  7  8  9 10 |
---------------+-------------------------------+-----
Shields        | 4 5 6 7 |  7.0
Armour         | 4 5 6 |  6.7
Axes           | 3 4 5 7 10 | 10.3
Fighting       | 4 5 7 10 12 | 12.2
Dodging        | 1 3 |  3.0
Stealth        | |  0.2

Action                   |  1- 3 |  4- 6 |  7- 9 | 10-12 || total
-------------------------+-------+-------+-------+-------++-------
Melee: War axe           |    77 |   156 |   306 |    33 ||   572
       Headbutt          |     6 |    15 |    54 |     8 ||    83
  Use: Scroll            |       |     1 |       |       ||     1
       Potion            |       |       |       |     1 ||     1
 Stab: Sleeping          |       |       |     5 |       ||     5
  Eat: Chunk             |       |     6 |     9 |     1 ||    16
       Ration            |       |       |     2 |       ||     2
Armor: Scale mail        |    43 |    65 |    52 |       ||   160
       Ring mail         |       |       |    45 |     8 ||    53
Dodge: Dodged            |    26 |    44 |    84 |     9 ||   163
       Repelled          |       |       |     2 |       ||     2
Block: Kite shield       |    48 |    94 |   166 |    30 ||   338

Table legend:
 A = Non-vault XP
 B = Vault XP
 C = Vault XP percentage of total XP
 D = Non-vault monster count
 E = Vault monster count
 F = Vault count percentage of total count
                 A         B        C        D         E       F
            +---------+---------+-------+---------+---------+-------
      Total |    4401 |    2440 |  35.7 |     165 |      38 |  18.7
            +---------+---------+-------+---------+---------+-------
        D:1 |      40 |       9 |  18.4 |      24 |       9 |  27.3
        D:2 |     127 |     279 |  68.7 |      18 |       7 |  28.0
        D:3 |     123 |      68 |  35.6 |      25 |      11 |  30.6
        D:4 |     489 |      61 |  11.1 |      16 |       2 |  11.1
        D:5 |     270 |       0 |   0.0 |      11 |       0 |   0.0
        D:6 |     834 |       0 |   0.0 |      23 |       0 |   0.0
        D:7 |     769 |       0 |   0.0 |      22 |       0 |   0.0
        D:8 |    1143 |     669 |  36.9 |      19 |       4 |  17.4
        D:9 |     606 |    1354 |  69.1 |       7 |       5 |  41.7
            +---------+---------+-------+---------+---------+-------
